 Dungeon Crawl Stone Soup version 0.20.1-1-g8b1a95d (webtiles) character file.

966 Mitsuki the Digger (level 8, -2/44 HPs)
             Began as a Gargoyle Earth Elementalist on Sept 14, 2017.
             Was an Initiate of Vehumet.
             Slain by a centaur (5 damage)
             ... on level 5 of the Dungeon.
             The game lasted 00:23:13 (7018 turns).

Mitsuki the Digger (Gargoyle Earth Elementalist)    Turns: 7018, Time: 00:23:13

Health: -2/44      AC:  9    Str: 13    XL:     8   Next: 15%
Magic:  15/15      EV: 12    Int: 17    God:    Vehumet [......]
Gold:   121        SH:  0    Dex: 10    Spells: 7/16 levels left

rFire    . . .     SeeInvis .   k - +0 mace
rCold    . . .     Gourm    .   (no shield)
rNeg     + . .     Faith    .   c - +0 robe
rPois    ∞         Spirit   .   f - +0 helmet
rElec    +         Reflect  .   x - +0 cloak
rCorr    .         Harm     .   (no gloves)
MR       .....                  (no boots)
Stlth    ++........             (no amulet)
Regen    0.2/turn               (no ring)
MPRegen  0.2/turn               (no ring)

@: no status effects
A: negative energy resistance 1, electricity resistance, unbreathing,
petrification resistance, rot immunity, AC +5
a: Renounce Religion


You were on level 5 of the Dungeon.
You worshipped Vehumet.
Vehumet was noncommittal.
You were not hungry.

You visited 2 branches of the dungeon, and saw 6 of its levels.

You collected 211 gold pieces.
You spent 90 gold pieces at shops.

Inventory:

Hand Weapons
 a - a +1 short sword of electrocution
 k - a +0 mace (weapon)
Missiles
 b - 5 stones (quivered)
Armour
 c - a +0 robe (worn)
 f - a +0 helmet (worn)
 x - a +0 cloak (worn)
Wands
 o - a wand of iceblast (4/15)
Scrolls
 h - 3 scrolls of remove curse {unknown}
 i - 3 scrolls of identify {unknown}
 j - 2 scrolls of amnesia {unknown}
 p - a scroll of random uselessness {unknown}
 u - a scroll of teleportation {unknown}
 w - a scroll of fear {unknown}
Potions
 g - a potion of ambrosia {unknown}
 l - a potion of invisibility {unknown}
 m - a potion of brilliance {unknown}
 n - a potion of flight {unknown}
 q - a potion of mutation {unknown}
 t - a potion of curing
 v - a potion of degeneration {unknown}
Books
 e - a book of Geomancy

   Spells                             Type                      Level
   a - Sandblast                      Earth                        1
   b - Passwall                       Transmutation/Earth          2
   c - Stone Arrow                    Conjuration/Earth            3
   d - Petrify                        Transmutation/Earth          4
   e - Lee's Rapid Deconstruction     Earth                        5
Comestibles
 d - 6 bread rations
 r - 4 meat rations


   Skills:
 + Level 1.8 Fighting
 + Level 0.2 Maces & Flails
 + Level 1.5 Armour
 + Level 2.1 Dodging
 - Level 2.1 Stealth
 + Level 4.9 Spellcasting
 + Level 4.8 Conjurations
   Level 0.7 Transmutations
 + Level 6.6 Earth Magic
 + Level 1.5 Evocations


You had 7 spell levels left.
You knew the following spells:

 Your Spells              Type           Power        Failure   Level  Hunger
a - Sandblast             Erth           ####..       1%          1    None
b - Stone Arrow           Conj/Erth      ###...       4%          3    ###....
c - Lee's Rapid Deconstr  Erth           ####......   26%         5    ######.


Dungeon Overview and Level Annotations

Branches:
Dungeon (5/15)             Temple (1/1) D:4

Altars:
Cheibriados
Elyvilon
Hepliaklqana
Kikubaaqudgha
Nemelex Xobeh
Okawaru
Qazlal
Ru
Sif Muna
Trog
Uskayaw
Vehumet
Zin

Annotations:
D:5 Pikel


Innate Abilities, Weirdness & Mutations

You are resistant to torment.
Your stone body is resilient. (AC +5)
You are immune to poison.
You resist negative energy. (rN+)
You are resistant to electric shocks. (rElec)
You can survive without breathing.
You are immune to petrification.
You are immune to rotting.


Message History

The slave shouts!
You hit the centaur.
The centaur is moderately wounded.
The centaur hits you.
The centaur hits you but does no damage.
A slave comes into view.
The slave shouts!
You hit the centaur but do no damage.
The centaur is moderately wounded.
The centaur hits you.
* * * LOW HITPOINT WARNING * * *
The centaur hits you.
* * * LOW HITPOINT WARNING * * *
The centaur wields an uncursed shortbow.
The centaur shoots an arrow.
The arrow closely misses you.
There is a stone staircase leading up here.
You see here an arrow.
The centaur unwields an uncursed shortbow.
The centaur hits you.
You die...

.. ###.
... #..
#.. #..
#..#####
#.Kc@.(#
##.###.#
#. #
#######.K.
#.<.......
#.#####...
#p ##p ..
.. ###


You could see Pikel and a centaur.

Vanquished Creatures
  Eustachio (D:4)
  Menkaure (D:4)
  3 ogres (D:4)
  3 hounds
  An orc priest (D:4)
  A centaur skeleton (D:3)
  An orc wizard (D:3)
  3 worker ants (D:4)
  4 gnolls (D:2)
  8 adders
  3 oozes
  3 worms
  A leopard gecko (D:4)
  9 orcs
  2 ball pythons (D:1)
  4 bat zombies (D:3)
  3 giant cockroaches
  7 goblins
  6 hobgoblins
  4 jackals
  9 kobolds
  2 quokkas
  7 bats
  5 frilled lizards
  8 rats
  A rat zombie (D:3)
  A bush (D:4)
101 creatures vanquished.

Notes
Turn   | Place    | Note
-------+----------+-------------------------------------------
     0 | D:1      | Mitsuki the Gargoyle Earth Elementalist began the quest for the Orb.
     0 | D:1      | Reached XP level 1. HP: 10/10 MP: 3/3
   187 | D:1      | Reached XP level 2. HP: 7/15 MP: 1/5
   552 | D:1      | Reached skill level 4 in Earth Magic
   898 | D:1      | Reached XP level 3. HP: 19/19 MP: 7/7
   903 | D:1      | Learned a level 3 spell: Stone Arrow
  1586 | D:2      | Found a bloodstained altar of Trog.
  1636 | D:2      | Reached skill level 1 in Conjurations
  1752 | D:2      | Reached XP level 4. HP: 21/24 MP: 6/8
  2456 | D:2      | Reached XP level 5. HP: 18/28 MP: 9/9
  2986 | D:3      | Reached skill level 5 in Earth Magic
  3125 | D:3      | Found a deep blue altar of Sif Muna.
  3126 | D:3      | Found a sacrificial altar of Ru.
  4060 | D:3      | Reached XP level 6. HP: 32/32 MP: 11/11
  4070 | D:3      | Learned a level 5 spell: Lee's Rapid Deconstruction
  4075 | D:3      | Found an ancient bone altar of Kikubaaqudgha.
  4495 | D:4      | Noticed Eustachio
  4807 | D:4      | Killed Eustachio
  4807 | D:4      | Reached skill level 6 in Earth Magic
  4807 | D:4      | Reached XP level 7. HP: 17/36 MP: 7/13
  4972 | D:4      | Found a glowing silver altar of Zin.
  4985 | D:4      | Found Zin's Purification Station.
  4990 | D:4      | Bought a potion of curing for 90 gold pieces
  5996 | D:4      | Found a staircase to the Ecumenical Temple.
  6003 | Temple   | Entered the Ecumenical Temple
  6039 | Temple   | Became a worshipper of Vehumet
  6205 | D:4      | Noticed Menkaure
  6220 | D:4      | Killed Menkaure
  6220 | D:4      | Reached skill level 1 in Fighting
  6220 | D:4      | Reached skill level 1 in Armour
  6220 | D:4      | Reached skill level 1 in Evocations
  6361 | D:4      | Reached XP level 8. HP: 43/43 MP: 8/15
  6942 | D:5      | Entered Level 5 of the Dungeon
  7014 | D:5      | Noticed Pikel
  7018 | D:5      | Slain by a centaur

Skill      XL: |  1  2  3  4  5  6  7 |
---------------+----------------------+-----
Earth Magic    | 4 5 6 |  6.6
Conjurations   | 1 2 3 4 |  4.8
Spellcasting   | 3 4 |  4.9
Fighting       | 1 |  1.8
Armour         | 1 |  1.5
Evocations     | 1 |  1.5
Dodging        | 2 |  2.1
Maces & Flails | |  0.2
Stealth        | |  2.1
Transmutations | |  0.7

Action                   |  1- 3 |  4- 6 |  7- 9 || total
-------------------------+-------+-------+-------++-------
Melee: Club              |    34 |       |       ||    34
       Unarmed           |     7 |       |       ||     7
       Whip              |    93 |    46 |       ||   139
       Mace              |       |   189 |   232 ||   421
 Cast: Sandblast         |    14 |    34 |    11 ||    59
       Stone Arrow       |       |       |     7 ||     7
 Stab: Sleeping          |     2 |     4 |       ||     6
  Eat: Chunk             |     1 |     7 |     7 ||    15
       Meat ration       |     1 |       |       ||     1
       Royal jelly       |       |       |     2 ||     2
Armor: Robe              |    56 |   154 |    53 ||   263
Dodge: Dodged            |   101 |   250 |    93 ||   444
